 Dungeon Crawl Stone Soup version 0.27-a0-765-ge4d627daa3 (webtiles) character file.

Game seed: 15689615614572445443

483 rageheart7 the Sneak (level 6, -6/58 HPs)
             Began as a Deep Dwarf Delver on Mar 25, 2021.
             Mangled by a gnoll
             ... wielding a +2 halberd of protection
              (10 damage)
             ... on level 3 of the Dungeon.
             The game lasted 00:08:31 (2891 turns).

rageheart7 the Sneak (Deep Dwarf Delver)            Turns: 2891, Time: 00:08:31

Health: -6/58      AC:  5    Str: 17    XL:     6   Next: 88%
Magic:  0/5        EV: 11    Int: 11    God:
Gold:   147        SH:  5    Dex: 20    Spells: 5/5 levels left

rFire    . . .     SeeInvis .   t - +0 flail
rCold    . . .     Faith    .   i - +0 buckler
rNeg     . . .     Spirit   +   h - +0 ring mail
rPois    .         Reflect  .   (no helmet)
rElec    .         Harm     .   (no cloak)
rCorr    .         Rampage  .   (no gloves)
Will     .....                  (no boots)
Stlth    +++.......             f - amulet of guardian spirit
HPRegen  0.00/turn              m - +6 ring of dexterity
MPRegen  0.09/turn              (no ring)

@: non-regenerating
A: damage resistance, heal wounds, sense surroundings 1, no regeneration
a: Heal Wounds


You were on level 3 of the Dungeon.
You visited 1 branch of the dungeon, and saw 5 of its levels.
You also visited: Sewer.

You collected 147 gold pieces.

Inventory:

Hand Weapons
 a - a +0 mace
 t - a +0 flail (weapon)
Armour
 b - a +0 leather armour
 h - a +0 ring mail (worn)
 i - a +0 buckler (worn)
Jewellery
 f - an amulet of guardian spirit (around neck)
 m - a +6 ring of dexterity (right hand)
 v - an amulet of reflection
Wands
 g - a wand of digging (3)
Scrolls
 c - 2 scrolls of fog
 d - 2 scrolls of teleportation {unknown}
 e - a scroll of fear
 j - a scroll of identify {unknown}
 l - a scroll of blinking {unknown}
 o - a scroll of enchant armour {unknown}
 p - a scroll of enchant weapon {unknown}
Potions
 k - a potion of lignification {unknown}
 n - a potion of flight {unknown}
 q - a potion of curing {unknown}
 r - 2 potions of brilliance
 u - a potion of ambrosia {unknown}


   Skills:
 * Level 4.7 Fighting
 * Level 5.7 Maces & Flails
 - Level 2.1 Dodging
 - Level 6.0 Stealth
 - Level 1.9 Shields


You had 5 spell levels left.
You didn't know any spells.
Your spell library contained the following spells:

 Spells                   Type           Power      Damage    Failure   Level
 Corpse Rot               Necr/Air       N/A        N/A       78%         2
 Confusing Touch          Hex            0%         N/A       95%         3
 Gell's Gravitas          Tloc           0%         N/A       95%         3
 Stone Arrow              Conj/Erth      0%         3d7       95%         3
 Petrify                  Tmut/Erth      0%         N/A       100%        4
 Metabolic Englaciation   Hex/Ice        0%         N/A       100%        5
 Summon Forest            Summ/Tloc      0%         N/A       100%        5
 Yara's Violent Unravell  Hex/Tmut       0%         3d3       100%        5
 Eringya's Noxious Bog    Tmut/Pois      0%         N/A       100%        6
 Hydra Form               Tmut           0%         N/A       100%        6
 Summon Hydra             Summ           0%         N/A       100%        7


Dungeon Overview and Level Annotations

Branches:
Dungeon (5/15)              Sewer (visited)
 Temple: D:4-7

Altars:
The Shining One

Annotations:
D:4 Grinder


Innate Abilities, Weirdness & Mutations

You are resistant to damage.
You can heal yourself by infusing magical energy.
You passively map a small area around you.
You do not regenerate.


Message History

a +0 short sword; a +0 scale mail You feel much better.
You fail to use your ability.
You fail to use your ability.
You feel much better.
Okay, then.
Unknown command.
You see here a +0 club.
Found a stone staircase leading down.
Found a stone staircase leading up.
There is a stone staircase leading up here.
u - a purple potion
v - an amulet of reflection
There is an open door here.
A gnoll is nearby!
A gnoll is nearby!
A gnoll is nearby!
A rat comes into view.
Found an escape hatch in the floor.
You open the door.
The gnoll drinks a potion.
The gnoll flickers and vanishes!
Deactivating autopickup; reactivate with Ctrl-A.
There is an open door here.
Something hits you. Something hits you! Something hits you!
It was a potion of heal wounds.
You feel much better. Something hits you!
You miss something. Something hits you.
You sock something! Something hits you!
You miss something. Something hits you!
You hit something but do no damage. Something completely misses you.
Something hits you!
You miss something. Something hits you.
* * * LOW HITPOINT WARNING * * *
You completely miss something. Something hits you!
* * * LOW HITPOINT WARNING * * *
You hit something. Something hits you!
* * * LOW HITPOINT WARNING * * *
You miss something. Something hits you!
You die...

#.##.# #.** *#...#..# #<# #..
###.##.#
#.#####...#..#####.###..
.......#
#.#..................'..
#.#.##.#
#.#.......#..#####.###..
#.#.##.# #.#..........# #(#
#.. .......# #.#.......##.#
#.# #..
..)....###.##......#*.# #.#
###
..).............#..##.#####.#*
*
................@..r.........
....)....###..#{#.#..........
.........# #....#.#.......
......(..# #.##.#.#...>..., ,
.........# #.##.#.#....... ,
.........# #.##.#.........
.........# #.##'##........
.........###........{.....
.........'.........##..### *


You could see a rat.

Vanquished Creatures
  A necrophage (D:4)
  2 bullfrogs (Sewer)
  A hound (D:4)
  A hound skeleton (D:4)
  4 gnolls
  7 adders (Sewer)
  A worm (D:2)
  A dart slug (D:1)
  2 orcs
  6 bats
  13 endoplasms
  11 giant cockroaches
  3 goblins
  6 hobgoblins
  7 jackals
  9 quokkas
  21 ball pythons
  10 frilled lizards
  7 kobolds
  6 rats
119 creatures vanquished.

Vanquished Creatures (others)
  3 plants (D:2)
3 creatures vanquished.

Grand Total: 122 creatures vanquished

Notes
Turn   | Place    | Note
-------+----------+-------------------------------------------
     0 | D:5      | rageheart7 the Deep Dwarf Delver began the quest for the
                  | Orb.
     0 | D:5      | Reached XP level 1. HP: 20/20 MP: 1/1
    93 | D:4      | Reached XP level 2. HP: 26/28 MP: 2/2
    97 | D:4      | Found a glowing drain.
   101 | Sewer    | Entered a sewer
   288 | Sewer    | Reached XP level 3. HP: 21/34 MP: 3/3
   470 | Sewer    | Reached XP level 4. HP: 20/42 MP: 4/4
   597 | Sewer    | Reached skill level 1 in Shields
   638 | Sewer    | Noticed a bullfrog
   638 | Sewer    | Noticed a bullfrog
   674 | Sewer    | Killed a bullfrog
   675 | Sewer    | Reached XP level 5. HP: 9/50 MP: 4/4
   812 | D:4      | Reached XP level 6. HP: 38/57 MP: 0/5
   820 | D:4      | Noticed Grinder
   897 | D:4      | Reached skill level 5 in Maces & Flails
  1314 | D:2      | Found a glowing golden altar of the Shining One.
  1501 | D:2      | Found a faded altar of an unknown god.
  2891 | D:3      | Mangled by a gnoll

Illustrated notes

Levels and vault maps discovered:
D:1:      psy_arrival_fountain, layout_rooms
D:2:      layout_loops_ring, chequers_ecumenical_altar_lobes,
          hangedman_abyss_or_decor_stabs, nicolae_tso_carved_into_rock
D:3:      layout_basic, serial_shops, shop
D:4:      layout_basic, gup_sewer_entry_bowl, uniq_ijyb, uniq_grinder
D:5:      layout_basic, minmay_temple_entry_drinking_statues,
          grunt_dithmenos_smoke

Skill      XL: |  1  2  3  4  5  6 |
---------------+-------------------+-----
Fighting       | 3 4 |  4.7
Maces & Flails | 3 4 5 |  5.7
Shields        | 1 |  1.9
Dodging        | |  2.1
Stealth        | |  6.0

Action                   |  1- 3 |  4- 6 || total
-------------------------+-------+-------++-------
Melee: Mace              |   159 |   300 ||   459
       Flail             |       |    14 ||    14
 Abil: Heal Wounds       |     1 |     9 ||    10
  Use: Scroll            |     1 |       ||     1
       Potion            |     2 |     1 ||     3
 Stab: Sleeping          |     1 |    18 ||    19
       Distracted        |       |     1 ||     1
Armor: Ring mail         |    69 |   119 ||   188
       Leather armour    |     1 |       ||     1
Dodge: Dodged            |   113 |   182 ||   295
Block: Buckler           |    42 |    66 ||   108

Table legend: (Time is in decaauts)
 A = Elapsed time spent in this place.
 B = Non-inter-level travel time spent in this place.
 C = Inter-level travel time spent in this place.
 D = Time resting spent in this place.
 E = Time spent auto-exploring this place.
 F = Levels seen in this place.
 G = Mean time per level.
                   A        B        C        D        E       F      G
               +--------+--------+--------+--------+--------+-----+--------+
         Total |   3101 |   2909 |    192 |    506 |   1146 |   6 |  516.8 |
       Dungeon |   2279 |   2087 |    192 |    406 |   1004 |   5 |  455.8 |
         Sewer |    821 |    821 |      0 |    100 |    142 |   1 |  821.0 |
               +--------+--------+--------+--------+--------+-----+--------+

Top non-repeatable levels by time:
   Sewer: 821 daAuts
     D:2: 697 daAuts
     D:3: 695 daAuts
     D:1: 512 daAuts
     D:4: 370 daAuts
     D:5: 3 daAuts
